 Dungeon Crawl Stone Soup version 0.19.5 (webtiles) character file.

171 miragecloak the Spear-Bearer (level 5, -9/41 HPs)
             Began as a Merfolk Monk on May 17, 2017.
             Mangled by a hippogriff (11 damage)
             ... on level 3 of the Dungeon.
             The game lasted 00:02:23 (2332 turns).

miragecloak the Spear-Bearer (Merfolk Monk)         Turns: 2332, Time: 00:02:24

Health: -9/41      AC: -1    Str: 12    XL:     5   Next: 51%
Magic:  5/5        EV: 14    Int:  9    God:
Gold:   145        SH:  0    Dex: 17    Spells: 0 memorised, 4 levels left

rFire  . . .     SeeInvis .     q - +3 spear
rCold  . . .     Gourm    .     b - +0 robe
rNeg   . . .     Faith    .     (no shield)
rPois  .         Spirit   .     (no helmet)
rElec  .         Reflect  .     (no cloak)
rCorr  .         Harm     .     (no gloves)
MR     .....                    (no boots)
Stlth  +.........               (no amulet)
                                a - -3 ring of protection (curse)
                                e - ring of loudness (curse)

@: no status effects
A: change form in water, swift swim, stealthy swim
a: no special abilities


You were on level 3 of the Dungeon.
You were not hungry.

You visited 1 branch of the dungeon, and saw 3 of its levels.

You collected 145 gold pieces.

Inventory:

Hand Weapons
 q - a +3 spear (weapon)
Armour
 b - a +0 robe (worn)
 t - a +1 scale mail of poison resistance
Jewellery
 a - a cursed -3 ring of protection (right hand)
 e - a cursed ring of loudness (left hand)
Scrolls
 d - a scroll of random uselessness {unknown}
 i - a scroll of teleportation {unknown}
 j - 2 scrolls of enchant weapon {unknown}
 o - 3 scrolls of identify {unknown}
 w - a scroll of noise {unknown}
 y - a scroll of amnesia {unknown}
Potions
 g - a potion of flight {unknown}
 h - a potion of resistance {unknown}
 k - a potion of degeneration {unknown}
 m - a potion of ambrosia {unknown}
 n - 2 potions of curing {unknown}
 r - a potion of brilliance {unknown}
 u - 2 potions of haste {unknown}
 x - a potion of heal wounds {unknown}
 z - a potion of cancellation {unknown}
Books
 s - a book of Minor Magic

   Spells                             Type                      Level
   a - Magic Dart                     Conjuration                  1
   b - Blink                          Translocation                2
   c - Call Imp                       Summoning                    2
   d - Repel Missiles                 Charms/Air                   2
   e - Slow                           Hexes                        2
   f - Conjure Flame                  Conjuration/Fire             3
   g - Mephitic Cloud                 Conjuration/Poison/Air       3
Comestibles
 c - 4 bread rations
 f - 3 beef jerkies
 l - 2 fruits
 p - a meat ration
 v - 2 slices of pizza


   Skills:
 - Level 3.2 Fighting
 + Level 8.7 Polearms
 - Level 4.0 Dodging
 - Level 2.1 Stealth


You had 4 spell levels left.
You didn't know any spells.

Dungeon Overview and Level Annotations

Branches:
Dungeon (3/15)

Altars:

Annotations:
D:3 1 runed door


Message History

You puncture the hippogriff!
The hippogriff is heavily wounded.
You hit the hippogriff.
The hippogriff is severely wounded.
The hippogriff bites you!
* * * LOW HITPOINT WARNING * * *
The hippogriff pecks you!
* * * LOW HITPOINT WARNING * * *
The hippogriff closely misses you.
Evoke which item? (* to show all) (? for menu, Esc to quit)
Okay, then.
You hit the hippogriff.
The hippogriff is severely wounded.
The hippogriff closely misses you. x2; The hippogriff barely misses you.
You hit the hippogriff.
The hippogriff is severely wounded.
You puncture the hippogriff!
The hippogriff is almost dead.
The hippogriff bites you!
You die...

♣♣.♣♣
#.#####..##
♣.♣♣ #.# #..#
♣♣.♣ #.# #..#
♣.♣♣ ######.#
#.## ♣♣.♣
#......#####.#
#+#
######>......#
##.###### #.#
#@# #.....H.#
#########


You could see a hippogriff.

Vanquished Creatures
  Ijyb (D:3)
  Terence (D:2)
  5 adders
  3 oozes
  3 dart slugs
  2 orcs (D:3)
  9 bats
  3 giant cockroaches
  12 goblins
  7 hobgoblins
  4 frilled lizards
  3 kobolds
  6 rats
59 creatures vanquished.

Notes
Turn   | Place    | Note
-------+----------+-------------------------------------------
     0 | D:1      | miragecloak the Merfolk Monk began the quest for the Orb.
     0 | D:1      | Reached XP level 1. HP: 18/18 MP: 1/1
   103 | D:1      | Reached skill level 5 in Polearms
   112 | D:1      | Reached XP level 2. HP: 17/24 MP: 2/2
   277 | D:1      | Reached XP level 3. HP: 24/29 MP: 3/3
   306 | D:1      | Reached skill level 6 in Polearms
   865 | D:2      | Reached skill level 7 in Polearms
   865 | D:2      | Reached XP level 4. HP: 24/35 MP: 4/4
  1152 | D:2      | Noticed Terence
  1174 | D:2      | Killed Terence
  1711 | D:2      | Reached skill level 8 in Polearms
  1736 | D:3      | Reached XP level 5. HP: 41/41 MP: 5/5
  2112 | D:3      | Noticed Ijyb
  2134 | D:3      | Killed Ijyb
  2243 | D:3      | Found a runed door.
  2323 | D:3      | Noticed a hippogriff
  2329 | D:3      | HP: 2/41 [hippogriff (9)]
  2332 | D:3      | Mangled by a hippogriff

Skill      XL: |  1  2  3  4 |
---------------+-------------+-----
Polearms       | 5 7 8 |  8.7
Fighting       | |  3.2
Dodging        | |  4.0
Stealth        | |  2.1

Action                   |  1- 3 |  4- 6 || total
-------------------------+-------+-------++-------
Melee: Spear             |   123 |   107 ||   230
 Stab: Sleeping          |     2 |     4 ||     6
       Distracted        |       |     1 ||     1
  Eat: Chunk             |       |     5 ||     5
Armor: Robe              |    11 |       ||    11
Dodge: Dodged            |    61 |    31 ||    92
